Map: Frozen Temple

Players

Miszu - Winner!

  • Race: Terran Terran
  • League: Master

BaptisteLr

  • Race: Terran Terran
  • League: Master

VOD

Have the link to the VOD?

Description

Time

  • Played on: April 30, 2016, 5:36 a.m.
  • Length: 7:41
Show
View Real Time Build Order
Export as new Build Order

Miszu Terran - Winner!

Build Orders: 1/1/1, Banshee Rush 

Get SALT Encoding   

  12  0:00  SCV  
  13  0:12  SCV  
  14  0:17  Supply Depot  
  14  0:25  SCV  
  15  0:31  Refinery  
  15  0:39  SCV  
  16  0:45  Barracks  
  16  0:51  SCV  
  16  0:54  Refinery  
  17  1:03  SCV  
  18  1:15  SCV  
  19  1:27  SCV  
  20  1:33  Factory  
  20  1:35  Reaper  
  21  1:46  Orbital Command  
  21  1:56  Supply Depot  
  21  2:07  Reaper  
  22  2:12  SCV  
  23  2:19  Hellion  
  25  2:25  Starport  
  25  2:28  SCV  
  26  2:35  Supply Depot  
  26  2:39  Reaper  
  27  2:45  Hellion  
  27  2:47  SCV  
  30  2:58  Supply Depot  
  30  3:02  Medivac  
  32  3:25  Hellion, Barracks Tech Lab, SCV  
  35  3:40  Command Center, SCV  
  36  3:48  Banshee  
  36  3:50  Cloaking Field  
  39  3:57  SCV  
  40  4:04  Barracks Reactor, Supply Depot, Factory Tech Lab  
  40  4:15  SCV  
  40  4:25  Siege Tank  
  40  4:27  SCV  
  44  4:39  Barracks, SCV  
  44  4:40  Barracks  
  44  4:42  Banshee  
  44  4:45  Marine  
  49  4:57  Siege Tank  
  49  4:59  SCV  
  53  5:13  SCV  
  53  5:14  Marine x2  
  53  5:17  Orbital Command  
  54  5:25  SCV  
  55  5:33  Starport Reactor  
  52  5:37  SCV  
  41  5:44  Marine  
  41  5:46  Marine  
  41  5:47  Marine  
  41  5:49  SCV  
  38  5:56  Siege Tank  
  34  6:01  SCV  
  29  6:14  SCV  
  27  6:26  SCV  
  27  6:27  Marine  
  27  6:30  Marine  
  27  6:31  Marine  
  31  6:38  SCV  
  31  6:39  SCV  
  30  6:50  SCV  
  30  6:51  SCV  
  32  6:58  Siege Tank  
  35  7:01  Marine x2  
  35  7:02  Marine, SCV  
  35  7:03  SCV  
  40  7:13  Marine  
  40  7:14  SCV  
  42  7:19  Marine  
Show
View Real Time Build Order
Export as new Build Order

BaptisteLr Terran 

Build Orders: MMM Bio 

Get SALT Encoding   

  12  0:01  SCV  
  13  0:13  SCV  
  14  0:18  Supply Depot  
  14  0:25  SCV  
  15  0:39  SCV  
  16  0:43  Barracks  
  16  0:46  Refinery  
  16  0:51  SCV  
  17  1:00  Barracks  
  17  1:03  SCV  
  18  1:16  SCV  
  19  1:29  Orbital Command  
  19  1:32  Reaper  
  20  1:42  Supply Depot  
  20  1:47  Barracks Reactor  
  20  1:50  Refinery  
  20  1:55  SCV  
  21  2:04  Barracks  
  21  2:07  Reaper, SCV  
  23  2:19  SCV  
  24  2:23  Marine x2  
  24  2:26  Supply Depot  
  26  2:31  SCV  
  27  2:41  Marine x2  
  27  2:43  SCV  
  30  2:47  Barracks Tech Lab  
  30  2:53  Barracks Tech Lab  
  30  2:56  SCV  
  30  2:57  Barracks  
  31  2:59  Marine x2  
  31  3:05  Supply Depot  
  33  3:08  SCV  
  33  3:12  Stimpack  
  34  3:21  Marine x2  
  34  3:26  Combat Shields  
  36  3:27  SCV  
  36  3:33  Marauder  
  39  3:46  Barracks Reactor  
  39  3:47  Marauder  
  41  3:51  Supply Depot  
  41  3:53  Marine  
  41  3:55  Marine, Marauder  
  45  4:08  Marine  
  46  4:10  Marine  
  46  4:13  Marine  
  46  4:15  Marine  
  49  4:23  Supply Depot  
  49  4:26  Marine  
  49  4:28  Marine  
  51  4:35  Marine x2  
  51  4:37  Marine  
  51  4:38  Supply Depot, Marine  
  55  4:45  Marine  
  56  4:46  Marine  
  57  4:53  Marine x2  
  57  4:55  Marine x2  
  61  5:02  Supply Depot  
  61  5:03  Marine  
  61  5:04  Marine  
  60  5:14  Marine  
  61  5:23  Marine x2  
  51  5:45  Marine x2  
  51  5:49  Marine  
  45  5:53  Marine  
  45  5:54  Marine  
  45  5:55  Marine  
  46  6:02  Marine x2  
  39  6:12  Marine x3  
  39  6:13  Marine  
  39  6:14  SCV  
  40  6:20  Marine x2  
  41  6:30  Marine x3  
  43  6:35  Marine  
  43  6:38  Marine x2  
  46  6:48  Marine  
  46  6:51  Marine  
  46  6:54  Marine  
  48  6:56  Marine  
  48  7:00  Marine  
  51  7:05  Marine  
  51  7:07  Marine  
Tags
 
Composition
MMM Bio
Matchup
TvT
Opening
1/1/1
Race
Terran
Strategy
Banshee Rush
Add a new tag
Caveats
  • Supply blocks, unpowered buildings, or Contaminate may cause inaccurate times.
  • Supply counts are checked every 10 seconds.